 Dungeon Crawl Stone Soup version 0.19-a0-1870-gc32fe5a (webtiles) character file.

247 Flanowski the Bolt Thrower (level 5, -11/41 HPs)
             Began as a Centaur Hunter on Oct 13, 2016.
             Mangled by Pikel
             ... wielding a +1 whip of electrocution
              (20 damage)
             ... on level 4 of the Dungeon.
             The game lasted 00:08:13 (5249 turns).

Flanowski the Bolt Thrower (Centaur Hunter)         Turns: 5249, Time: 00:08:14

Health: -11/41     AC:  4    Str: 15    XL:     5   Next: 85%
Magic:  5/5        EV:  9    Int: 10    God:
Gold:   253        SH:  0    Dex: 10    Spells: 0 memorised, 4 levels left

rFire  . . .     SeeInvis .     a - +1 hand crossbow
rCold  . . .     Gourm    .     c - +0 leather armour
rNeg   . . .     Faith    .     (no shield)
rPois  .         Spirit   .     (no helmet)
rElec  .         Dismiss  +     (no cloak)
rCorr  .         Reflect  .     (no gloves)
MR     .....     Harm     .     (no barding)
Stlth  +.........               l - amulet of dismissal
                                (no ring)
                                (no ring)

@: very quick
A: hooves 3, deformed body, speed 2, tough skin 3
a: no special abilities


You were on level 4 of the Dungeon.
You were hungry.

You visited 1 branch of the dungeon, and saw 4 of its levels.

You collected 253 gold pieces.

Inventory:

Hand Weapons
 a - a +1 hand crossbow (weapon)
 n - a +0 dagger of electrocution
Missiles
 d - 7 bolts (quivered)
Armour
 c - a +0 leather armour (worn)
Jewellery
 l - an amulet of dismissal (around neck)
Wands
 i - a wand of flame (7/48)
Scrolls
 b - 2 scrolls of recharging {unknown}
 h - 3 scrolls of remove curse
 j - a scroll of magic mapping {unknown}
 m - a scroll of teleportation
 q - a scroll of random uselessness {unknown}
 r - 2 scrolls of identify {unknown}
 u - a scroll of fear {unknown}
 v - a scroll of amnesia {unknown}
 w - a scroll of blinking {unknown}
Potions
 e - 2 potions of brilliance {unknown}
 k - a potion of flight {unknown}
 p - 3 potions of heal wounds {unknown}
 t - a potion of ambrosia {unknown}
 x - a potion of curing {unknown}
 B - a potion of agility {unknown}
Books
 y - a book of Minor Magic

   Spells                             Type                      Level
   a - Magic Dart                     Conjuration                  1
   b - Blink                          Translocation                2
   c - Call Imp                       Summoning                    2
   d - Repel Missiles                 Charms/Air                   2
   e - Slow                           Hexes                        2
   f - Conjure Flame                  Conjuration/Fire             3
   g - Mephitic Cloud                 Conjuration/Poison/Air       3
Comestibles
 f - 4 bread rations
 g - 3 slices of pizza
 o - a beef jerky
 s - 3 fruits
 z - a meat ration


   Skills:
 - Level 2.0 Fighting
 + Level 7.9 Crossbows
 - Level 1.3 Dodging
 - Level 0.4 Stealth


You had 4 spell levels left.
You didn't know any spells.

Dungeon Overview and Level Annotations

Branches:
Dungeon (4/15)
 Temple: D:4-7

Altars:
Ru
Sif Muna
Uskayaw

Annotations:
D:3 1 runed door
D:4 Pikel


Innate Abilities, Weirdness & Mutations

You have hooves in place of feet.
Armour fits poorly on your strangely shaped body.
You cover ground very quickly.
You have extremely tough skin. (AC +3)


Message History

Aim: Pikel, wielding a whip of electrocution and wearing an embroidered robe (almost dead)
The puff of flame hits Pikel.
Pikel resists.
Pikel is almost dead.
Evoking this partially-identified wand wasted a few charges.
Firing (i - inventory):
d - 9 bolts (quivered)
Press: ? - help, Shift-Dir - straight line, f/p - Pikel
Aim: Pikel, wielding a whip of electrocution and wearing an embroidered robe (almost dead)
You shoot a bolt. The bolt hits Pikel but does no damage.
Pikel is almost dead.
Pikel says, "You'll fetch a fair price!"
Things that are here:
an animal skin; a human corpse Firing (i - inventory):
d - 8 bolts (quivered)
Press: ? - help, Shift-Dir - straight line, f/p - Pikel
Aim: Pikel, wielding a whip of electrocution and wearing an embroidered robe (severely wounded)
You shoot a bolt. The bolt closely misses Pikel.
Pikel hits you with a whip of electrocution.
* * * LOW HITPOINT WARNING * * *
You are electrocuted!
You die...

########
#.([@K.#
#.####(#
#[#..#.#
#....#.#
#######.#(#
#.(..(....#
.#. ###
#.#####.###
.... ..#
#.#.......#
...###.#
#.#.......#


You could see Pikel.

Vanquished Creatures
  4 slaves (D:4)
  Jessica (D:2)
  Terence (D:2)
  A worker ant (D:4)
  Ijyb (D:3)
  5 adders
  3 worms
  2 dart slugs
  6 leopard geckos
  6 orcs (D:3)
  9 bats
  2 giant cockroaches (D:2)
  8 goblins
  3 hobgoblins
  5 jackals
  A quokka (D:2)
  15 frilled lizards
  6 kobolds
  11 rats
90 creatures vanquished.

Notes
Turn   | Place    | Note
-------+----------+-------------------------------------------
     0 | D:1      | Flanowski the Centaur Hunter began the quest for the Orb.
     0 | D:1      | Reached XP level 1. HP: 17/17 MP: 1/1
   129 | D:1      | Reached XP level 2. HP: 5/24 MP: 2/2
   571 | D:1      | Reached skill level 5 in Crossbows
  1142 | D:1      | Reached XP level 3. HP: 22/29 MP: 3/3
  1697 | D:2      | Noticed Jessica
  1998 | D:2      | Killed Jessica
  1998 | D:2      | Reached skill level 6 in Crossbows
  2071 | D:2      | Reached XP level 4. HP: 27/36 MP: 4/4
  2627 | D:2      | Noticed Terence
  2889 | D:2      | Killed Terence
  3175 | D:3      | Noticed Ijyb
  3196 | D:3      | Killed Ijyb
  3196 | D:3      | Reached skill level 7 in Crossbows
  3196 | D:3      | Reached XP level 5. HP: 41/41 MP: 5/5
  3293 | D:3      | Found a sacrificial altar of Ru.
  3452 | D:3      | Found a hide-covered altar of Uskayaw.
  3933 | D:3      | Found a runed door.
  4073 | D:3      | Found a deep blue altar of Sif Muna.
  4629 | D:4      | Noticed a slave
  4630 | D:4      | Noticed Pikel
  4630 | D:4      | Noticed a slave
  4630 | D:4      | Noticed a slave
  4630 | D:4      | Noticed a slave
  4969 | D:4      | Killed a slave
  4973 | D:4      | Killed a slave
  5121 | D:4      | Killed a slave
  5188 | D:4      | Killed a slave
  5249 | D:4      | Mangled by Pikel

Vault maps used:
D:1:      lightli_arrival_farm, minmay_lizard_king
D:2:      uniq_terence, uniq_jessica
D:3:      led_sif_pool, lemuel_doored_altar, lemuel_round_altar,
          uniq_crazy_yiuf_cottage, uniq_iyjb
D:4:      kennysheep_mini, uniq_pikel

Skill      XL: |  1  2  3  4 |
---------------+-------------+-----
Crossbows      | 5 6 7 |  7.9
Fighting       | |  2.0
Dodging        | |  1.3
Stealth        | |  0.4

Action                   |  1- 3 |  4- 6 || total
-------------------------+-------+-------++-------
Melee: Short sword       |   100 |       ||   100
       Kick              |    23 |    35 ||    58
       Dagger            |    36 |   207 ||   243
 Fire: Hand crossbow     |       |    44 ||    44
Evoke: Wand              |       |     3 ||     3
  Use: Scroll            |       |     3 ||     3
  Eat: Chunk             |     3 |     8 ||    11
Armor: Leather armour    |    49 |    64 ||   113
Dodge: Dodged            |    76 |   119 ||   195
